AoeStats
← Saarba

Arabia

508354591Analyzed
4v4 RM · 11d ago on Sep 22, 2026· 27m 40s· 8 players
Game mode
Random Map
Map size
Large (8 player)
Population
200
Speed
Normal
Resources
Standard
Victory
Conquest
Starting age
Dark Age
Ending age
Imperial Age
RankedLock teamsTeams togetherTeam positionsShared explorationLock speedFull tech treeHidden civsTurbo modeCheats
Victory
Defeat
🇵🇪 Mongols · Peru
1549
+8
🇨🇱 Ethiopians · Chile
1477
+11
🇲🇽 Saracens · Mexico
1452
+12
🇲🇽 Magyars · Mexico
1307
+18
🇲🇽 Britons · Mexico
1398
-14
🇨🇴 Magyars · Colombia
1382
-13
🇨🇴 Chinese · Colombia
1382
-13
🇨🇴 Franks · Colombia
1270
-9
EXILE | Polag3K
6:21 Loom
9:19 Feudal Age
10:07 Double-Bit Axe
13:41 Fletching
15:50 Padded Archer Armor
25:52 Castle Age
Motta7Villa
6:20 Loom
8:41 Feudal Age
9:48 Double-Bit Axe
9:45 Horse Collar
22:27 Castle Age
21:03 Gold Mining
22:14 Bloodlines
22:10 Scale Barding Armor
Ramzzes1788
0:36 Loom
9:24 Feudal Age
10:03 Double-Bit Axe
16:12 Fletching
23:27 Castle Age
21:57 Padded Archer Armor
22:29 Horse Collar
23:28 Crossbowman
24:04 Bodkin Arrow
24:54 Bow Saw
26:27 Wheelbarrow
Saarba
6:15 Loom
8:30 Feudal Age
10:41 Double-Bit Axe
16:40 Scale Barding Armor
21:03 Forging
23:17 Wheelbarrow
26:27 Castle Age
24:36 Gold Mining
24:37 Stone Mining
27:36 Husbandry
28:31 Iron Casting
[JaMx] K@l-El
6:17 Loom
8:51 Feudal Age
9:26 Double-Bit Axe
17:30 Scale Barding Armor
19:55 Wheelbarrow
22:53 Castle Age
21:46 Gold Mining
21:38 Horse Collar
22:19 Bloodlines
24:24 Chain Barding Armor
LvSP | LeON
6:10 Loom
9:26 Feudal Age
10:42 Man-at-Arms
12:23 Fletching
22:33 Padded Archer Armor
25:59 Wheelbarrow
LvSP | cePeD
5:28 Loom
7:58 Feudal Age
8:31 Double-Bit Axe
12:09 Forging
21:10 Castle Age
19:53 Scale Barding Armor
20:57 Bloodlines
20:45 Horse Collar
21:12 Light Cavalry
Kerjo
6:45 Loom
9:06 Feudal Age
9:38 Double-Bit Axe
12:20 Fletching
19:16 Padded Archer Armor
22:20 Wheelbarrow
25:19 Castle Age
25:24 Crossbowman
26:27 Hand Cart
26:02 Town Watch
26:55 Bow Saw
27:23 Ballistics
Connection lost

Rejoining the realm…

Still unreachable

The connection could not be restored.

Session expired

The server has moved on; the page needs a fresh start.